[Event "EYCC O18-ch 2024"]
[Site "Prague"]
[Date "2024.08.24"]
[Round "3.3"]
[White "Malek, Jan"]
[Black "Chyzy, Jakub"]
[Result "1/2-1/2"]
[ECO "D37"]
[WhiteElo "2482"]
[BlackElo "2368"]
[Annotator "TA"]
[PlyCount "126"]
[EventDate "2024.08.19"]
[EventType "swiss"]
[EventCountry "CZE"]
[SourceTitle "playchess.com"]
[Source "ChessBase"]
[SourceQuality "1"]
[TimeControl "5400+30"]

1. Nf3 d5 2. d4 Nf6 3. c4 e6 4. Nc3 Nbd7 5. g3 dxc4 6. Bg2 {[%emt 0:00:37] D37: Queen's Gambit Declined: 5 Bf4.} Bb4 7. Qc2 O-O 8. O-O c6 9. Rd1 Qe7 10. a4 a5 11. Na2 {[%emt 0:11:15] 11.Na2 has lost popularity.} e5 12. Nxb4 ({Of course not} 12. Qxc4 e4 13. Ne5 Bd6 $11) (12. Nxe5 {seems wilder.} Nxe5 13. Nxb4 axb4 14. dxe5 Qxe5 15. Qxc4 Be6 16. Qxb4 Qxe2 17. Re1) 12... axb4 13. dxe5 $146 ({Predecessor:} 13. Qxc4 e4 14. Ne5 Nb6 15. Qc2 Bf5 16. Bg5 Qe6 17. Qc5 Nfd5 18. a5 Nc8 19. a6 bxa6 {½-½ Mitter,G (2181)-Heimberger,R (2268) AUT-chT2M 0506 2005 (1.4)}) 13... Nxe5 14. Nxe5 Qxe5 15. Qxc4 Be6 16. Qxb4 Qxe2 17. Bg5 Nd5 18. Qd4 h6 19. Bd2 Qg4 (19... Rfd8 {looks sharper.} 20. Bc3 Nxc3 21. Qxd8+ Rxd8 22. Rxd8+ Kh7) 20. Qxg4 Bxg4 21. Re1 Rfe8 22. a5 Be2 23. Ra3 Ba6 24. Bf3 Rxe1+ 25. Bxe1 Re8 26. Bd2 Kf8 27. h4 Ke7 28. Ra4 f5 29. Bxd5 cxd5 30. h5 Rc8 31. Bc3 Rc4 32. Rxc4 Bxc4 33. f3 Kf7 34. Kf2 g6 (34... f4 $14) 35. hxg6+ $16 Kxg6 36. Ke3 Kf7 37. Be5 $1 Ke6 {[%emt 0:00:19] [#]} 38. Kd4 $1 h5 39. b4 Be2 40. f4 Kd7 41. Kc5 ({Resist} 41. Kxd5 Bf3+ 42. Kd4 Bg2) 41... d4 42. Bxd4 ({Don't play} 42. Kxd4 $6 Kc6 $11) 42... Bf3 43. Kb6 Kc8 44. Be5 Be2 45. Bd6 Bf1 46. Kc5 Kd7 47. Kd5 Bh3 48. Bc5 Bg4 49. Bd4 Bh3 50. b5 Bf1 51. Ke5 Bd3 52. Bc5 Kc7 53. Ke6 Be4 (53... Kd8 $142) 54. Bd6+ $16 Kc8 {[%emt 0:00:12] [#]} 55. Be5 (55. a6 $142 $1) 55... Bd3 $16 56. Bc3 Kc7 57. Bd4 Be4 58. Be5+ Kc8 59. Kf6 Bd3 60. Kg6 Kd7 61. Kf6 ({White should try} 61. b6 $16) 61... Ke8 (61... Kc8 $1 $11 {keeps the balance.}) 62. Ke6 Bxb5 63. Kxf5 Kf7 1/2-1/2

[Event "EYCC O18-ch 2024"]
[Site "Prague"]
[Date "2024.08.24"]
[Round "3.3"]
[White "Vergara Anton, Diego"]
[Black "Ribeiro, Gustavo"]
[Result "1/2-1/2"]
[ECO "A46"]
[WhiteElo "2416"]
[BlackElo "2183"]
[Annotator "RC"]
[PlyCount "77"]
[EventDate "2024.08.19"]
[EventType "swiss"]
[EventCountry "CZE"]
[SourceTitle "playchess.com"]
[Source "ChessBase"]
[SourceQuality "1"]
[TimeControl "5400+30"]

1. d4 Nf6 2. Nf3 e6 3. e3 c5 4. c4 cxd4 5. exd4 d5 6. Nc3 Nc6 7. a3 Be7 8. c5 Ne4 9. Bb5 Bd7 10. O-O O-O 11. Qc2 Nxc3 12. Qxc3 Bf6 13. Bxc6 Bxc6 14. Bf4 a5 15. Rfe1 a4 16. Rac1 Qa5 17. Qe3 Qb5 18. Rc2 b6 19. Bg5 Bxg5 20. Nxg5 h6 21. Nf3 Rfc8 22. Ne5 Be8 23. c6 f6 24. Nd3 Bg6 25. Rd1 Bxd3 26. Rxd3 Rxc6 27. Rxc6 Qxc6 28. Rc3 Qe8 29. Qc1 e5 30. dxe5 Qxe5 31. h3 d4 32. Rd3 Qc5 33. Qd1 Rd8 34. Qxa4 Qc1+ 35. Kh2 Qxb2 36. Qc4+ Kh8 37. Qc7 Rd5 38. Qc4 Qb5 39. Qxb5 1/2-1/2

[Event "EYCC O18-ch 2024"]
[Site "Prague"]
[Date "2024.08.24"]
[Round "3.4"]
[White "Macias Pino, Diego"]
[Black "Gasparyan, Erik R."]
[Result "1-0"]
[ECO "C97"]
[WhiteElo "2477"]
[BlackElo "2350"]
[Annotator "TA"]
[PlyCount "85"]
[EventDate "2024.08.19"]
[EventType "swiss"]
[EventCountry "CZE"]
[SourceTitle "playchess.com"]
[Source "ChessBase"]
[SourceQuality "1"]
[TimeControl "5400+30"]

1. e4 e5 2. Nf3 Nc6 3. Bb5 a6 4. Ba4 Nf6 5. O-O Be7 6. Re1 b5 7. Bb3 d6 8. c3 O-O 9. h3 Na5 10. Bc2 c5 11. d4 Qc7 12. Nbd2 Be6 13. d5 Bd7 14. b3 c4 15. b4 Nb7 16. Nf1 {[%emt 0:02:23] White is better.} Ne8 17. a4 g6 {[%emt 0:03:10] [#]} (17... a5 $14) 18. axb5 $1 $16 Bxb5 19. Bh6 Ng7 20. Ne3 f6 21. Ba4 {[%emt 0:02:34] White has more active pieces. The black rooks are passive.} Rfc8 22. Re2 Nd8 23. Bxg7 (23. Rea2 Rab8 24. Bxg7 Kxg7) 23... Kxg7 24. Rea2 {[%emt 0:00:09] Black must now prevent Bxb5.} Rab8 25. Qc1 Rb7 26. Nd2 Nf7 27. Bd1 Qd8 28. Bg4 Rcc7 29. Qf1 Nh6 {[%emt 0:02:53] [#]} (29... Rb8 $16 30. Be2 (30. Nexc4 f5 $16) (30. Ndxc4 Ng5 $14) 30... Qc8 31. Bxc4 (31. Ndxc4 f5 $18) 31... Rxc4 32. Nexc4 (32. Ndxc4 f5 $16) 32... f5) 30. Be2 $1 $18 (30. Ndxc4 Nxg4 31. hxg4 Qc8 32. Rxa6 Bxc4 33. Nxc4 Rxc4 $15) 30... f5 31. Nexc4 ({Don't do} 31. Ndxc4 f4 $18) ({Don't take} 31. Bxc4 $6 Bg5 $16) 31... Bg5 32. Na5 {[%emt 0:00:40] A dynamic duo of knights.} Rb6 33. Bxb5 axb5 34. Nc6 Qf6 35. Qd3 Bxd2 36. Qxd2 {[%emt 0:00:55] Hoping for exf5.} fxe4 37. Qe3 Rbb7 38. Ra8 Nf7 {[%emt 0:01:16] Inhibits Nd8.} (38... Rd7 {might work better.} 39. Qxe4 Nf7) 39. Qxe4 (39. Na5 $142) 39... Qf5 40. Qe3 {[%emt 0:01:32] And now Na5 would win.} Qg5 $2 (40... Qf4 {was necessary.} 41. Qxf4 exf4) 41. Qxg5 {[%emt 0:00:42] White is clearly winning.} Nxg5 42. Nd8 Rb6 43. h4 {[%emt 0:00:05] Weighted Error Value: White=0.14 (very precise) /Black=0.48.  Mistake:       	White=1     	Black=4      Inaccurate:     	White=1     	Black=5      OK:         	White=13    	Black=9      Best:        	White=2     	Black=2      Strong:       	White=1     	---} 1-0

[Event "EYCC O18-ch 2024"]
[Site "Prague"]
[Date "2024.08.24"]
[Round "3.4"]
[White "Bakija, Alan"]
[Black "Davtyan, Arsen"]
[Result "1/2-1/2"]
[ECO "A06"]
[WhiteElo "2171"]
[BlackElo "2402"]
[Annotator "RC"]
[PlyCount "62"]
[EventDate "2024.08.19"]
[EventType "swiss"]
[EventCountry "CZE"]
[SourceTitle "playchess.com"]
[Source "ChessBase"]
[SourceQuality "1"]
[TimeControl "5400+30"]

1. Nf3 d5 2. g3 g6 3. Bg2 Bg7 4. d4 c6 5. c4 dxc4 6. Na3 b5 7. Nxb5 cxb5 8. Ng1 Bd7 9. Bxa8 Nc6 10. Bxc6 Bxc6 11. Nf3 Nf6 12. Bg5 Ne4 13. Be3 O-O 14. O-O Qd5 15. h4 a5 16. a3 Qe6 17. Kh2 h6 18. Rg1 Bd5 19. Qe1 Ra8 20. Rd1 Kh7 21. Bf4 b4 22. Nd2 Nf6 23. f3 c3 24. bxc3 bxc3 25. Nf1 Bb3 26. Rc1 Nd5 27. Be5 f6 28. e4 fxe5 29. exd5 Qxd5 30. Rxc3 exd4 31. Rc7 Bf6 1/2-1/2

[Event "EYCC O18-ch 2024"]
[Site "Prague"]
[Date "2024.08.24"]
[Round "3.5"]
[White "Palczert, Matyas"]
[Black "Bermudez Ureba, Juan Diego"]
[Result "0-1"]
[ECO "B51"]
[WhiteElo "2341"]
[BlackElo "2183"]
[Annotator "RC"]
[PlyCount "86"]
[EventDate "2024.08.19"]
[EventType "swiss"]
[EventCountry "CZE"]
[SourceTitle "playchess.com"]
[Source "ChessBase"]
[SourceQuality "1"]
[TimeControl "5400+30"]

1. e4 c5 2. Nf3 d6 3. Bb5+ Nd7 4. c4 e5 5. Nc3 g6 6. d3 Bg7 7. Bg5 f6 8. Be3 Ne7 9. h4 h6 10. Qd2 Kf7 11. Ba4 f5 12. g3 Nf6 13. O-O-O Ng4 14. Rdf1 Rf8 15. Nh2 Nxe3 16. fxe3 Kg8 17. Bd1 a6 18. Bf3 Rb8 19. exf5 Nxf5 20. Bd5+ Kh8 21. Ne4 b5 22. h5 gxh5 23. g4 Ne7 24. Rxf8+ Bxf8 25. gxh5 bxc4 26. dxc4 Nxd5 27. cxd5 Rb4 28. Qg2 Bf5 29. Nc3 Rh4 30. Rg1 Bh7 31. Qe2 Qe8 32. Qf2 Be7 33. Nf3 Rxh5 34. e4 Qf7 35. Qe2 Rh3 36. Rf1 Qh5 37. Qg2 Bg5+ 38. Kb1 Bf4 39. Ka1 Rg3 40. Qf2 Qh3 41. Ne2 Be3 42. Qxg3 Qxf1+ 43. Qe1 Qxf3 0-1

[Event "EYCC O18-ch 2024"]
[Site "Prague"]
[Date "2024.08.24"]
[Round "3.5"]
[White "Koutlas, Nikolaos"]
[Black "Razafindratsima, Timothe"]
[Result "1-0"]
[ECO "C42"]
[WhiteElo "2322"]
[BlackElo "2457"]
[Annotator "TA"]
[PlyCount "156"]
[EventDate "2024.08.19"]
[EventType "swiss"]
[EventCountry "CZE"]
[SourceTitle "playchess.com"]
[Source "ChessBase"]
[SourceQuality "1"]
[TimeControl "5400+30"]

1. e4 e5 2. Nf3 Nf6 3. Nxe5 d6 4. Nf3 Nxe4 5. d3 Nf6 6. d4 d5 7. Bd3 Bd6 8. O-O O-O 9. h3 Nc6 10. c3 h6 11. Re1 Re8 12. Nbd2 {[%emt 0:05:15][%cal Bb1d2,Bd2f1,Bf1e3,Be3d5][%mdl 32] The position is equal.} Bd7 13. Nf1 Ne4 14. Ne3 Be6 15. a3 Ne7 {[%emt 0:10:58] [#]} (15... f5 $11 {remains equal.}) 16. Nxd5 $1 $16 Nxd5 (16... Bxd5 17. Bxe4) 17. Bxe4 f5 (17... Qc8 $16 18. c4 Nf4) 18. Bd3 {[%emt 0:03:34][%cal Oe1e6] And now Rxe6! would win.} c6 19. Bd2 Qf6 20. Ne5 Rad8 21. Qf3 Nb6 22. b4 Bc7 23. Qh5 {[%emt 0:03:52] White is more active.} Nd5 24. Rad1 Nb6 25. Re3 f4 26. Re4 Bxe5 27. Qxe5 (27. dxe5 Qf5 28. Qf3 Bd5 $16) ({Better is} 27. Rxe5 $18 Bf7 28. Qg4) 27... Qxe5 28. Rxe5 f3 29. Rde1 $18 Bf7 30. Rxe8+ Rxe8 31. Rxe8+ ({Stronger than} 31. gxf3 Rxe1+ 32. Bxe1 Be6 $14) 31... Bxe8 32. gxf3 {[%emt 0:01:10][%mdl 4096] Endgame. KBB-KBN} Bf7 33. Kg2 a6 34. Kf1 Be6 35. h4 Kf7 36. Ke2 Bd5 (36... Bc4 $16 37. Be3 Kf6) 37. Bf4 Nc4 {[%emt 0:02:22] [#]} (37... Bb3 $16 38. Kd2 Ke7) 38. a4 $1 Nb2 39. Bc2 Nc4 40. Bc7 b5 41. a5 Kf6 42. f4 Na3 $2 (42... g6 {is more resistant.} 43. f3 Kg7 44. Be5+ Kf7) 43. Be5+ Kf7 44. Bf5 Be6 45. Be4 Bd5 46. f3 h5 $2 (46... g6 47. f5 gxf5) 47. Bf5 Be6 48. Bxe6+ Kxe6 49. Bxg7 {[%emt 0:00:05] KB-KN} Kf5 50. Be5 Nc4 51. Bc7 Nb2 52. Bb8 Ke6 {[%emt 0:00:21] [#]} 53. d5+ $1 cxd5 (53... Kxd5 54. f5) 54. Ke3 Nc4+ 55. Kd4 Nd2 {[%emt 0:00:04] [#]} 56. f5+ $1 Kxf5 (56... Ke7 57. Kxd5) 57. Kxd5 Nxf3 58. c4 bxc4 59. Kxc4 Ke6 60. b5 Kd7 61. Kc5 $2 (61. Bg3 {mates} Kc8 62. bxa6 Nxh4 63. Bxh4 Kb8 64. Bf2 h4 65. Bxh4 Ka7 66. Kb5) 61... Kc8 $1 $11 62. Bg3 (62. Bd6 $5 Kb7 $8 63. Be7 axb5 64. Kxb5 $11) 62... Kb7 $2 {[%emt 0:00:18][%mdl 8192] [#] Black cannot hold the game after this.} (62... Nxh4 $11 63. bxa6 (63. Bxh4 axb5 64. Kxb5 Kb7 $18) 63... Nf5) 63. b6 $1 {[%emt 0:00:05] White mates.} Nd2 64. Kd5 Nf3 65. Ke4 Nd2+ 66. Kf4 Nb3 67. Be1 Nd4 68. Bd2 Kc6 69. Be3 Nb3 70. Kg5 Nxa5 71. Kxh5 Nc4 72. Bd4 Nd2 73. Kg4 Nb3 74. Bb2 Nc5 75. h5 Ne6 76. h6 Nf8 77. Kf5 Kxb6 78. Ba3 Nh7 {[%emt 0:00:05] Weighted Error Value: White=0.24 (precise) /Black=0.32.  Loses game:     	---       	Black=1      Mistake:       	White=1     	Black=7      Inaccurate:     	White=1     	Black=3      OK:         	White=11    	Black=10     Best:        	White=2     	---        Strong:       	White=2     	---        Brilliant:      	White=1     	---} 1-0

[Event "EYCC O18-ch 2024"]
[Site "Prague"]
[Date "2024.08.24"]
[Round "3.6"]
[White "Babula, Vlastimil"]
[Black "Taranowicz, Michal"]
[Result "0-1"]
[ECO "C02"]
[WhiteElo "2503"]
[BlackElo "2164"]
[Annotator "TA"]
[PlyCount "78"]
[EventDate "2024.08.19"]
[EventType "swiss"]
[EventCountry "CZE"]
[SourceTitle "playchess.com"]
[Source "ChessBase"]
[SourceQuality "1"]
[TimeControl "5400+30"]

1. e4 e6 2. d4 d5 3. e5 c5 4. c3 Nc6 5. Nf3 Qb6 6. Bd3 cxd4 7. O-O Bd7 8. Re1 Nge7 9. h4 {[%emt 0:00:07] Black is slightly better.} h6 10. h5 Rc8 11. a3 a6 12. g3 (12. b4 $11) 12... g5 (12... dxc3 $17 13. Nxc3 Nd4) 13. hxg6 $11 fxg6 (13... Nxg6 $11 14. Bxg6 fxg6) 14. cxd4 $14 Nf5 15. Nc3 {[%emt 0:02:29][%cal Oc3d5] Hoping for Nxd5!} Kd8 16. Ne2 (16. Na4 $16 Qa7 17. Bxf5 gxf5 18. Kg2) 16... Be7 (16... g5 $14) 17. Kg2 ({White should try} 17. Nf4 $16 Rg8 18. Bxf5 gxf5 19. b4) 17... Kc7 ({Black should play} 17... g5 $14) 18. Rh1 (18. Nf4 $16 Rcg8 19. Bxf5 gxf5 20. Rh1) 18... g5 $11 19. g4 Ng7 (19... Nfxd4 $2 20. Nexd4 Bc5 (20... Nxd4 $2 21. Be3 $18) 21. Be3 $18 (21. Nxc6 Bxc6 22. b4 Be7 $18)) (19... Nh4+ $1 $11 {might be stronger.} 20. Nxh4 gxh4) 20. b4 h5 21. Nxg5 (21. Bxg5 $2 hxg4 22. Be3 gxf3+ $19) 21... hxg4 22. Nf7 {[%emt 0:00:57] Dodges Kb8} Rxh1 23. Qxh1 {[%emt 0:00:32] And now Qh7 would win.} Rf8 $1 (23... Nxd4 24. Be3 Kb8 25. Bxd4 $18 (25. Nxd4 Ne8 $18)) 24. Nh8 {[%emt 0:06:29] [#]} (24. Nh6 $14 {keeps the upper hand.}) 24... Nxe5 $2 {[%emt 0:02:07] Black is more active.} 25. Bf4 $14 Rxf4 26. Qc1+ Kd8 27. Qxf4 Nxd3 28. Qxg4 {[%emt 0:02:18][%mdl 8192] [#] This costs White the game.} (28. Qb8+ $14 {is the one way to stay ahead.} Bc8 29. Nf7+ Kd7 (29... Ke8 30. Ne5 $16) 30. Rd1) 28... Nf5 $1 $19 29. Nf7+ (29. Rd1 {was called for.} Bb5 30. a4) 29... Kc7 {[%emt 0:01:34][%cal Oe6e5] ...e5! is the strong threat.} 30. Rd1 {[%emt 0:00:05] [#]} (30. Ne5 $142 Nxe5 31. dxe5) 30... e5 $1 31. Kg1 (31. Qh5 Nh4+) 31... Nxd4 32. Qh5 Nxe2+ 33. Qxe2 Qg6+ 34. Kh1 Qxf7 (34... Nxf2+ $142 35. Qxf2 Qh5+ 36. Kg2 Bh3+ (36... Qxd1 $2 37. Nxe5 Qb1 38. Nxd7 $19) 37. Kg1 Qxd1+ 38. Kh2 Be6 (38... Bd7 $2 39. Kg2 $19)) 35. Rxd3 Bd6 {[%emt 0:00:37] Threatens to win with ...e4.} 36. Rg3 Qh7+ 37. Kg1 e4 38. Rg5 Qh2+ 39. Kf1 Bb5 {[%emt 0:00:07] Weighted Error Value: White=1.21/Black=0.36.  Loses game:     	White=1     	---        Mistake:       	White=7     	Black=6      Inaccurate:     	White=1     	Black=1      OK:         	White=7     	Black=8      Best:        	White=3     	Black=2      Strong:       	---       	Black=2      Brilliant:      	---       	Black=1} 0-1

[Event "EYCC O18-ch 2024"]
[Site "Prague"]
[Date "2024.08.24"]
[Round "3.6"]
[White "Stalmach, Richard"]
[Black "Slagboom, Leandro"]
[Result "1-0"]
[ECO "A61"]
[WhiteElo "2443"]
[BlackElo "2331"]
[Annotator "RC"]
[PlyCount "131"]
[EventDate "2024.08.19"]
[EventType "swiss"]
[EventCountry "CZE"]
[SourceTitle "playchess.com"]
[Source "ChessBase"]
[SourceQuality "1"]
[TimeControl "5400+30"]

1. d4 Nf6 2. c4 e6 3. Nc3 c5 4. d5 exd5 5. cxd5 d6 6. Nf3 g6 7. Nd2 Bg7 8. e4 O-O 9. Be2 Na6 10. O-O Nc7 11. a4 a6 12. a5 Nb5 13. Bxb5 axb5 14. Nxb5 b6 15. Re1 Ng4 16. Nf3 bxa5 17. h3 Ba6 18. hxg4 Bxb5 19. g5 Qb6 20. Ra3 a4 21. e5 dxe5 22. Nxe5 Rad8 23. Qf3 f6 24. gxf6 Rxf6 25. Qh3 Rf5 26. Ng4 Rh5 27. Qg3 Qd6 28. Bf4 Qxd5 29. Rae3 Bc6 30. Re7 Rf8 31. Be5 Bxe5 32. Nxe5 Qd6 33. Nxc6 Qxc6 34. R1e6 Qd5 35. Rxg6+ Kh8 36. Rd6 Qg5 37. Qc3+ Kg8 38. Qc4+ Kh8 39. Qc3+ Kg8 40. Rdd7 Qf6 41. Qxf6 Rxf6 42. Ra7 Rd5 43. Rg7+ Kf8 44. Rxh7 Rd1+ 45. Kh2 Kg8 46. Rhg7+ Kh8 47. Rh7+ Kg8 48. Rag7+ Kf8 49. Rc7 Kg8 50. Rhg7+ Kf8 51. f3 Rd2 52. Rh7 Kg8 53. Rcg7+ Kf8 54. Rb7 Kg8 55. Rhg7+ Kh8 56. Rgc7 Rg6 57. Rb8+ Rg8 58. Rxg8+ Kxg8 59. Rxc5 Rxb2 60. Ra5 Ra2 61. Ra7 a3 62. Kh3 Ra1 63. f4 a2 64. Kg4 Kf8 65. f5 Kg8 66. Kg5 1-0

[Event "EYCC O18-ch 2024"]
[Site "Prague"]
[Date "2024.08.24"]
[Round "3.7"]
[White "Garcia Fernandez, Victor"]
[Black "Hrbek, Stepan"]
[Result "1-0"]
[ECO "D35"]
[WhiteElo "2313"]
[BlackElo "2414"]
[Annotator "RC"]
[PlyCount "91"]
[EventDate "2024.08.19"]
[EventType "swiss"]
[EventCountry "CZE"]
[SourceTitle "playchess.com"]
[Source "ChessBase"]
[SourceQuality "1"]
[TimeControl "5400+30"]

1. d4 d5 2. c4 e6 3. Nc3 Nf6 4. cxd5 exd5 5. Bg5 Bb4 6. e3 h6 7. Bh4 g5 8. Bg3 Ne4 9. a3 Bxc3+ 10. bxc3 Nc6 11. Bd3 Nxg3 12. hxg3 Qd6 13. Ne2 Be6 14. Qc2 O-O-O 15. c4 dxc4 16. Bxc4 h5 17. Bxe6+ Qxe6 18. Rb1 b6 19. Rb5 Rd5 20. Rxd5 Qxd5 21. O-O h4 22. gxh4 Rxh4 23. Ng3 Kb7 24. Rc1 Qd7 25. Nf5 Rh8 26. Qe4 Re8 27. Qf3 g4 28. Qxg4 Ne7 29. Qf3+ c6 30. Nh6 f5 31. Nf7 Qe6 32. Ne5 Rc8 33. a4 Qd5 34. Qxd5 cxd5 35. Rxc8 Nxc8 36. Kf1 Ka6 37. Nc6 Kb7 38. Nb4 Ne7 39. Ke2 a5 40. Na2 Kc6 41. Nc3 Kd6 42. f3 Ke6 43. g4 fxg4 44. fxg4 Nc6 45. Kf3 Nb4 46. e4 1-0

[Event "EYCC O18-ch 2024"]
[Site "Prague"]
[Date "2024.08.24"]
[Round "3.7"]
[White "Ribera Veganzones, Serni"]
[Black "Salgovic, Simon"]
[Result "1-0"]
[ECO "C42"]
[WhiteElo "2309"]
[BlackElo "2144"]
[Annotator "RC"]
[PlyCount "107"]
[EventDate "2024.08.19"]
[EventType "swiss"]
[EventCountry "CZE"]
[SourceTitle "playchess.com"]
[Source "ChessBase"]
[SourceQuality "1"]
[TimeControl "5400+30"]

1. e4 e5 2. Nf3 Nf6 3. Nxe5 d6 4. Nf3 Nxe4 5. d4 d5 6. Bd3 Nc6 7. O-O Be7 8. Re1 Bf5 9. Nbd2 Nxd2 10. Qxd2 Bxd3 11. Qxd3 O-O 12. Bf4 Bd6 13. Ng5 g6 14. Qh3 h5 15. Be3 Qf6 16. Nf3 Bf4 17. c3 Rfe8 18. Nd2 Qg5 19. Bxf4 Qxf4 20. Qd3 Rxe1+ 21. Rxe1 Kf8 22. Nf1 a6 23. Qc2 Qd6 24. Qd2 Kg7 25. Qg5 Nd8 26. Ne3 Ne6 27. Qxd5 Qxd5 28. Nxd5 Rd8 29. Ne3 Kf6 30. g3 b5 31. Rd1 Ke7 32. Kf1 c5 33. dxc5 Rxd1+ 34. Nxd1 Nxc5 35. Ke2 Ke6 36. b4 Ne4 37. Kd3 f5 38. c4 bxc4+ 39. Kxc4 f4 40. a4 Kf5 41. Kd4 g5 42. b5 axb5 43. axb5 Nd6 44. b6 Kg4 45. Kd5 Nb7 46. Kc6 Na5+ 47. Kb5 Nb7 48. Kc6 Na5+ 49. Kc7 fxg3 50. fxg3 Kh3 51. Nb2 Kxh2 52. Nc4 Nb3 53. Kd6 Nd4 54. b7 1-0

[Event "EYCC O18-ch 2024"]
[Site "Prague"]
[Date "2024.08.24"]
[Round "3.8"]
[White "Pidluznij, Gleb"]
[Black "Soderstrom, Adrian"]
[Result "1/2-1/2"]
[ECO "A49"]
[WhiteElo "2414"]
[BlackElo "2318"]
[Annotator "RC"]
[PlyCount "192"]
[EventDate "2024.08.19"]
[EventType "swiss"]
[EventCountry "CZE"]
[SourceTitle "playchess.com"]
[Source "ChessBase"]
[SourceQuality "1"]
[TimeControl "5400+30"]

1. d4 Nf6 2. Nf3 g6 3. g3 d5 4. Bg2 Bg7 5. O-O O-O 6. Bf4 c5 7. dxc5 Na6 8. c4 dxc4 9. Qxd8 Rxd8 10. c6 Nd5 11. cxb7 Bxb7 12. Be5 f6 13. Bc3 Nc5 14. Rc1 Nxc3 15. Nxc3 Rab8 16. Rc2 f5 17. Rac1 e5 18. Nd1 Ne6 19. e3 Nc5 20. Rxc4 Nd3 21. Rb1 Be4 22. Rxe4 fxe4 23. Ng5 Nxb2 24. Nxb2 Rd2 25. Bxe4 Rdxb2 26. Bd5+ Kf8 27. Rxb2 Rxb2 28. Nxh7+ Ke7 29. Ng5 a5 30. Bb3 a4 31. Bxa4 Rxa2 32. Bc6 Ra6 33. Be4 Bh6 34. Nf3 Kf6 35. h3 Ra4 36. Bc6 Ra6 37. Bd5 Ra5 38. e4 Rb5 39. Nh2 Bg7 40. Ng4+ Ke7 41. h4 Rb2 42. Kg2 Bh8 43. Nh2 Bg7 44. Nf3 Kf6 45. g4 Rb8 46. g5+ Ke7 47. Kg3 Rb1 48. Kg2 Rb8 49. Nd2 Rb2 50. Nf1 Rb8 51. Ne3 Bh8 52. Kg3 Rb1 53. Kg2 Rb8 54. Nf1 Rb2 55. Ng3 Rb6 56. Kf3 Rb1 57. h5 gxh5 58. Nxh5 Kf8 59. Kg4 Rf1 60. f3 Rg1+ 61. Kf5 Rf1 62. Kg4 Rg1+ 63. Ng3 Rg2 64. Be6 Ke7 65. Bc4 Rc2 66. Bb3 Rb2 67. Bc4 Rc2 68. Be2 Rb2 69. Kh5 Rb6 70. Bc4 Kf8 71. Kg4 Ke7 72. Kf5 Rc6 73. Bf1 Rc3 74. Kg4 Rc1 75. Kf5 Rc3 76. Bg2 Rc2 77. Bh3 Rc3 78. Bg4 Rc6 79. Nh5 Kf7 80. Ng3 Ra6 81. Nf1 Ra3 82. Bh5+ Kf8 83. Kg6 Kg8 84. Nh2 Ra6+ 85. Kf5 Ra3 86. Bg4 Ra1 87. f4 exf4 88. e5 Kf7 89. Kxf4 Ra4+ 90. Kf5 Bxe5 91. Kxe5 Kg6 92. Bd7 Ra5+ 93. Kf4 Rxg5 94. Be8+ Kf6 95. Ng4+ Rxg4+ 96. Kxg4 Ke5 1/2-1/2

[Event "EYCC O18-ch 2024"]
[Site "Prague"]
[Date "2024.08.24"]
[Round "3.8"]
[White "Ozen, Metehan"]
[Black "Dehtiarov, Roman"]
[Result "0-1"]
[ECO "B67"]
[WhiteElo "2142"]
[BlackElo "2308"]
[Annotator "RC"]
[PlyCount "68"]
[EventDate "2024.08.19"]
[EventType "swiss"]
[EventCountry "CZE"]
[SourceTitle "playchess.com"]
[Source "ChessBase"]
[SourceQuality "1"]
[TimeControl "5400+30"]

1. e4 c5 2. Nf3 d6 3. d4 cxd4 4. Nxd4 Nf6 5. Nc3 Nc6 6. Bg5 e6 7. Qd2 a6 8. O-O-O Bd7 9. Kb1 b5 10. Nxc6 Bxc6 11. f3 Rc8 12. h4 Be7 13. Ne2 Bb7 14. Nd4 h6 15. Be3 Nd7 16. Qf2 d5 17. exd5 Bxd5 18. Nf5 O-O 19. Qg3 Bxa2+ 20. Kxa2 exf5 21. Bxh6 Bf6 22. Kb1 Bxb2 23. Kxb2 Qf6+ 24. Kb1 Qxh6 25. Rxd7 Rxc2 26. Bd3 Rc3 27. Qe1 Qc6 28. Qd2 b4 29. Bxf5 Rb3+ 30. Ka1 Qa4+ 31. Qa2 Ra3 32. Rd2 b3 33. Qxa3 Qxa3+ 34. Kb1 Qa5 0-1

[Event "EYCC O18-ch 2024"]
[Site "Prague"]
[Date "2024.08.24"]
[Round "3.9"]
[White "Kuti, Oliver"]
[Black "Zlatkov, Anton"]
[Result "0-1"]
[ECO "B30"]
[WhiteElo "2114"]
[BlackElo "2297"]
[Annotator "RC"]
[PlyCount "94"]
[EventDate "2024.08.19"]
[EventType "swiss"]
[EventCountry "CZE"]
[SourceTitle "playchess.com"]
[Source "ChessBase"]
[SourceQuality "1"]
[TimeControl "5400+30"]

1. e4 c5 2. Nf3 Nc6 3. c3 Nf6 4. e5 Nd5 5. d4 cxd4 6. cxd4 d6 7. Bc4 dxe5 8. Bxd5 Qxd5 9. Nc3 Qd6 10. d5 Nd4 11. Nxd4 exd4 12. Qxd4 e5 13. Qd3 Bd7 14. O-O Qg6 15. Qe2 Bd6 16. f4 O-O 17. fxe5 Rfe8 18. Bf4 Bxe5 19. Bxe5 f6 20. Qc4 Rxe5 21. Qc7 Bh3 22. Rf2 Rae8 23. Raf1 Rg5 24. g3 Bxf1 25. Rxf1 Qf7 26. Qf4 Rge5 27. Qd4 b6 28. Rd1 Re1+ 29. Rxe1 Rxe1+ 30. Kf2 Re8 31. a4 Qe7 32. Qd2 Qc5+ 33. Kg2 a6 34. Qd3 b5 35. axb5 axb5 36. d6 Qc6+ 37. Kf2 b4 38. Nb5 Qc5+ 39. Kg2 Qe5 40. Qc4+ Kf8 41. d7 Qe2+ 42. Kg1 Qe1+ 43. Kg2 Re2+ 44. Kh3 Qf1+ 45. Kg4 h5+ 46. Kxh5 Qf5+ 47. Kh4 Rxh2# 0-1

[Event "EYCC O18-ch 2024"]
[Site "Prague"]
[Date "2024.08.24"]
[Round "3.10"]
[White "Kreken, Eivind Grunt"]
[Black "Lang, Simon"]
[Result "1-0"]
[ECO "A05"]
[WhiteElo "2294"]
[BlackElo "2138"]
[Annotator "RC"]
[PlyCount "51"]
[EventDate "2024.08.19"]
[EventType "swiss"]
[EventCountry "CZE"]
[SourceTitle "playchess.com"]
[Source "ChessBase"]
[SourceQuality "1"]
[TimeControl "5400+30"]

1. Nf3 Nf6 2. g3 e6 3. Bg2 Be7 4. O-O O-O 5. c4 d5 6. d3 b6 7. cxd5 Nxd5 8. d4 Bb7 9. Nc3 c5 10. Nxd5 Bxd5 11. dxc5 Bxc5 12. b3 Qe7 13. Bb2 Nc6 14. Qc1 Rfd8 15. Qf4 f6 16. Rad1 Rac8 17. Qh4 Nb8 18. e4 Bb7 19. e5 f5 20. Ng5 Bxf2+ 21. Kxf2 h6 22. Nxe6 Rc2+ 23. Ke3 f4+ 24. Qxf4 Nd7 25. Nxd8 Qc5+ 26. Qd4 1-0

[Event "EYCC O18-ch 2024"]
[Site "Prague"]
[Date "2024.08.24"]
[Round "3.10"]
[White "Ristic, Luka"]
[Black "Talibov, Shiroghlan"]
[Result "0-1"]
[ECO "A04"]
[WhiteElo "2274"]
[BlackElo "2395"]
[Annotator "RC"]
[PlyCount "72"]
[EventDate "2024.08.19"]
[EventType "swiss"]
[EventCountry "CZE"]
[SourceTitle "playchess.com"]
[Source "ChessBase"]
[SourceQuality "1"]
[TimeControl "5400+30"]

1. Nf3 c5 2. c4 Nf6 3. Nc3 b6 4. g3 Bb7 5. Bg2 g6 6. b3 Bg7 7. Bb2 Ne4 8. Qc2 Nxc3 9. Bxc3 e5 10. O-O d6 11. e3 O-O 12. d4 cxd4 13. exd4 e4 14. Nd2 f5 15. d5 Nd7 16. f4 b5 17. Bxg7 Kxg7 18. Qc3+ Qf6 19. Qe3 Rfc8 20. g4 bxc4 21. g5 Qe7 22. Qd4+ Kg8 23. bxc4 Ba6 24. Rab1 Qg7 25. Qxg7+ Kxg7 26. Kf2 Nb6 27. Rfc1 Nxc4 28. Nxc4 Bxc4 29. Rb7+ Kg8 30. Rd1 Bxa2 31. Rd2 Bc4 32. h4 Ba6 33. Rd7 Rc3 34. Rb2 e3+ 35. Kg3 Re8 36. Bf1 e2+ 0-1